Map: [TLMC15] Berlingrad

Players

ByuN

  • Race: Terran Terran

MarineLorD - Winner!

  • Race: Terran Terran
  • League: Master

VOD

Have the link to the VOD?

Description

Time

  • Played on: Oct. 21, 2021, 8:57 a.m.
  • Length: 11:27
Show
View Real Time Build Order
Export as new Build Order

ByuN Terran 

Build Orders: Cyclone Opening 

Get SALT Encoding   

  12  0:00  SCV  
  13  0:12  SCV  
  14  0:17  Supply Depot  
  14  0:24  SCV  
  15  0:38  SCV  
  15  0:40  Barracks  
  16  0:43  Refinery  
  16  0:50  SCV  
  16  0:52  Refinery  
  17  1:02  SCV  
  18  1:15  SCV  
  19  1:27  Reaper, Orbital Command  
  19  1:29  Supply Depot  
  20  1:41  Factory  
  20  1:53  SCV  
  21  1:59  Reaper  
  22  2:05  SCV  
  23  2:15  Command Center  
  23  2:18  SCV  
  24  2:25  Hellion  
  26  2:33  Supply Depot, SCV  
  26  2:35  Barracks Tech Lab  
  27  2:45  SCV  
  27  2:48  Starport  
  28  2:57  Cyclone  
  31  2:59  Barracks Tech Lab, SCV  
  32  3:11  SCV  
  33  3:18  Refinery  
  33  3:23  SCV  
  33  3:26  Orbital Command  
  34  3:30  Banshee  
  37  3:35  Cyclone  
  37  3:36  SCV  
  41  3:43  Supply Depot  
  41  3:44  Barracks Reactor  
  41  3:48  SCV  
  42  3:52  SCV  
  43  4:00  SCV  
  44  4:04  SCV  
  44  4:07  Siege Tank  
  45  4:12  SCV  
  45  4:16  SCV  
  41  4:24  SCV  
  41  4:28  SCV  
  41  4:29  Marine  
  41  4:30  Marine  
  43  4:34  Raven  
  43  4:36  SCV  
  46  4:40  SCV  
  46  4:42  Siege Tank  
  50  4:47  Marine x2  
  50  4:48  SCV  
  50  4:52  SCV  
  54  4:53  Supply Depot  
  51  5:01  SCV  
  51  5:04  SCV  
  51  5:05  Marine x2  
  49  5:13  SCV  
  50  5:15  Supply Depot  
  50  5:16  SCV  
  50  5:17  Refinery  
  50  5:18  Siege Tank  
  54  5:25  SCV  
  55  5:28  Viking x2  
  55  5:29  SCV  
  55  5:31  Marine  
  55  5:33  Stimpack  
  61  5:38  SCV  
  61  5:41  SCV  
  63  5:48  Marine  
  64  5:50  Siege Tank  
  64  5:56  SCV x2  
  69  6:00  Supply Depot  
  69  6:02  Viking  
  71  6:05  Viking  
  71  6:09  Marine  
  74  6:11  SCV x2  
  76  6:22  Supply Depot  
  76  6:23  SCV x2  
  76  6:24  Supply Depot  
  78  6:26  Siege Tank  
  78  6:27  Marine  
  82  6:37  Viking x2  
  86  6:45  Marine  
  87  6:58  Siege Tank  
  90  7:03  Marine  
  90  7:06  SCV, Command Center  
  90  7:07  Supply Depot, SCV  
  90  7:20  Marine  
  90  7:21  Viking x2  
  95  7:27  SCV x2  
  85  7:34  Siege Tank  
  72  7:38  Marine  
  72  7:41  SCV x2  
  69  7:50  Engineering Bay  
  69  7:51  Engineering Bay  
  69  7:52  Barracks  
  69  7:53  Viking, Barracks  
  69  7:54  Viking  
  69  7:56  Marine  
  69  7:57  SCV, Engineering Bay  
  69  7:58  SCV  
  76  8:07  Siege Tank  
  76  8:11  SCV x2  
  81  8:12  Barracks  
  81  8:13  Barracks  
  81  8:14  Marine  
  82  8:22  Orbital Command  
  82  8:23  SCV x2  
  82  8:25  Viking  
  86  8:28  Viking  
  86  8:31  Combat Shield  
  86  8:33  Marine  
  89  8:35  SCV  
  89  8:36  SCV  
  89  8:41  Terran Infantry Weapons Level 1, Terran Infantry Armor Level 1  
  91  8:42  Supply Depot  
  91  8:47  Barracks Reactor x2  
  91  8:48  SCV x2  
  93  8:50  Marine  
  93  8:51  SCV  
  93  8:53  Refinery  
  93  8:54  Refinery  
  93  9:00  SCV x2  
  92  9:03  SCV, Sensor Tower  
  92  9:05  Siege Tank  
  92  9:07  Viking  
  92  9:08  Viking  
  100  9:12  SCV x2  
  100  9:15  SCV  
  100  9:16  Barracks Reactor x2  
  103  9:18  Armory  
  103  9:20  Marine  
  103  9:24  SCV x2  
  103  9:29  Marine x2  
  104  9:37  Marine x2, Viking  
  104  9:38  Marine, Viking  
  107  9:39  Siege Tank  
  111  9:46  Marine  
  111  9:47  Marine  
  113  9:53  Marine x2  
  113  9:55  Marine x2  
  113  9:56  Marine x3  
  120  10:04  Marine x2  
  120  10:05  Armory  
  122  10:07  Viking, Missile Turret, Medivac  
  122  10:11  Marine, Siege Tank  
  130  10:15  Supply Depot  
  130  10:16  Supply Depot  
  130  10:18  Marine  
  130  10:19  Marine x5  
  133  10:30  Marine x3  
  133  10:31  Command Center  
  130  10:36  Marine x2  
  130  10:37  Marine x2, Medivac  
  130  10:38  Marine  
  130  10:39  Marine  
  130  10:41  Medivac  
  118  10:47  Marine x2  
  118  10:48  Marine  
  115  10:51  Engineering Bay  
  115  10:53  Siege Tank  
  115  10:54  Marine x2  
  119  10:57  Marine x3  
  119  11:03  Marine  
  123  11:08  Marine  
  123  11:09  Marine x2  
  112  11:15  SCV x3  
Show
View Real Time Build Order
Export as new Build Order

MarineLorD Terran - Winner!

Build Orders:  

Get SALT Encoding   

  12  0:01  SCV  
  13  0:13  SCV  
  14  0:17  Supply Depot  
  14  0:25  SCV  
  15  0:39  SCV  
  15  0:40  Barracks  
  16  0:43  Refinery  
  16  0:51  SCV  
  16  0:54  Refinery  
  17  1:03  SCV  
  18  1:15  SCV  
  19  1:27  Reaper, Orbital Command  
  19  1:29  Supply Depot  
  20  1:43  Factory  
  20  1:53  SCV  
  21  1:59  Barracks Reactor  
  21  2:05  SCV  
  22  2:17  SCV  
  22  2:18  Command Center  
  23  2:28  Hellion  
  23  2:29  SCV  
  26  2:35  Reaper  
  26  2:36  Reaper  
  28  2:41  SCV  
  28  2:42  Supply Depot  
  29  2:49  Hellion  
  31  2:58  Starport  
  31  3:03  SCV  
  32  3:08  Reaper x2  
  32  3:11  Hellion  
  36  3:15  SCV  
  37  3:24  Refinery  
  37  3:28  SCV  
  37  3:29  Orbital Command  
  37  3:33  Factory Tech Lab  
  38  3:34  Starport Tech Lab  
  38  3:39  Marine x2  
  40  3:44  SCV  
  41  3:52  Cyclone  
  41  3:55  SCV  
  45  3:56  SCV  
  45  3:57  Marine x2  
  48  4:07  Raven  
  46  4:17  Marine  
  46  4:18  Marine  
  46  4:20  SCV  
  46  4:26  Siege Tank  
  46  4:29  SCV  
  46  4:33  Command Center  
  46  4:35  Marine x2  
  46  4:36  SCV  
  49  4:42  SCV  
  49  4:45  Supply Depot  
  50  4:48  SCV  
  50  4:50  Raven  
  53  4:54  SCV  
  54  5:03  Marine x2  
  54  5:04  SCV  
  54  5:06  SCV  
  58  5:07  Siege Tank  
  58  5:08  Supply Depot  
  58  5:12  Supply Depot  
  58  5:16  SCV  
  58  5:18  SCV  
  60  5:21  Marine x2  
  60  5:26  Refinery  
  62  5:29  SCV  
  62  5:31  Supply Depot, SCV  
  64  5:39  Siege Tank  
  64  5:41  SCV  
  68  5:43  SCV  
  68  5:44  Viking  
  68  5:45  Viking  
  68  5:46  Orbital Command  
  73  5:50  Marine  
  73  5:51  Stimpack  
  73  5:53  SCV  
  73  5:55  SCV  
  76  6:06  SCV  
  76  6:07  SCV  
  76  6:08  Marine  
  76  6:11  Orbital Command  
  79  6:14  Viking x2  
  83  6:18  SCV  
  83  6:19  SCV  
  85  6:27  Barracks x2  
  85  6:28  Engineering Bay x2  
  85  6:30  SCV  
  86  6:33  Siege Tank  
  86  6:35  SCV  
  86  6:38  SCV  
  91  6:43  SCV  
  92  6:47  SCV  
  92  6:49  Viking x2  
  92  6:53  SCV  
  98  6:55  SCV  
  98  6:59  SCV  
  100  7:05  SCV  
  101  7:12  Siege Tank, Supply Depot x2, SCV x2  
  101  7:14  Terran Infantry Weapons Level 1, Terran Infantry Armor Level 1  
  105  7:17  SCV  
  105  7:20  Barracks Reactor x2  
  105  7:21  Marine  
  107  7:24  SCV  
  107  7:25  Supply Depot  
  92  7:32  SCV  
  92  7:36  SCV x2  
  91  7:38  Marine, Viking x2  
  93  7:44  SCV  
  93  7:46  Refinery  
  93  7:47  Refinery  
  93  7:49  SCV x2  
  93  7:50  Barracks x2  
  96  7:51  Sensor Tower  
  96  7:52  Siege Tank  
  96  7:56  Marine  
  96  7:57  Combat Shield  
  96  7:58  Marine x3  
  102  7:59  Marine  
  104  8:12  Supply Depot, SCV  
  105  8:13  SCV  
  105  8:14  Marine  
  105  8:16  Marine x3  
  105  8:17  Marine  
  105  8:19  Medivac x2  
  115  8:21  Missile Turret  
  115  8:28  Armory, Command Center  
  115  8:29  Supply Depot  
  115  8:31  SCV x2  
  115  8:32  Marine, SCV  
  115  8:33  Marine x2  
  115  8:34  Marine  
  121  8:38  Barracks Reactor x2, Siege Tank  
  121  8:39  Marine  
  125  8:50  Marine, Medivac x2  
  125  8:51  Marine x3  
  133  8:57  Marine  
  133  9:02  Supply Depot  
  133  9:05  Supply Depot  
  133  9:07  Marine  
  133  9:09  Marine x3  
  137  9:11  Siege Tank  
  137  9:14  Marine, Factory  
  137  9:15  Marine  
  142  9:17  Marine  
  142  9:18  Marine x2  
  143  9:25  Marine  
  143  9:27  Marine x3  
  147  9:32  Marine  
  147  9:33  Marine  
  147  9:35  Marine x2  
  147  9:36  Marine  
  152  9:43  Marine, Siege Tank  
  152  9:45  Marine x3  
  159  9:47  SCV x2  
  159  9:48  SCV  
  159  9:50  Marine  
  159  9:51  Marine  
  160  9:53  Marine x3  
  160  9:55  Refinery  
  163  10:00  Refinery  
  163  10:01  Command Center  
  163  10:02  Marine  
  163  10:03  Marine x2  
  163  10:06  Viking x2  
  170  10:07  Marine  
  170  10:08  Marine  
  170  10:11  Marine x3  
  170  10:12  Planetary Fortress  
  170  10:14  SCV x2  
  177  10:15  Siege Tank  
  180  10:24  Supply Depot  
  180  10:30  Missile Turret  
  180  10:33  Marine  
  180  10:34  Marine x6  
  178  10:39  Marine  
  149  10:51  Marine x4  
  149  10:52  Marine x3  
  149  10:53  Siege Tank  
  159  10:57  Marine  
  160  11:09  Marine x4  
Tags
 
Add a new tag
Caveats
  • Supply blocks, unpowered buildings, or Contaminate may cause inaccurate times.
  • Supply counts are checked every 10 seconds.